Unix NetHack Version 5.0.0-0 post-release - last build May 23 2026 06:08:33 (1c0ff79ee797540d5714e4e18072db0edd9e58ae,branch:main).

Game began 2026-05-26 22:53:43, ended 2026-05-26 23:13:48.

Jobair, neutral female human Tourist

     ---------
     |........
     |.......|#
     |...%..dd@
     ----|----##
         #
         #
         #
         #
         #
  -------|--
  |........|   #      ----.-
  |........|   #######.....|
  |........|#  ### #  |....|
  |........|####   #  |.<..+
  |........-#      ###|....|
  |........|         #.....|
  ----------          ------

Jobair the Sightseer        St:11 Dx:13 Co:16 In:13 Wi:8 Ch:14  Neutral
Dlvl:4  $:118 HP:0(33) Pw:14(14) AC:6  Xp:4 T:1531 

Latest messages:
 In what direction? 8
 The dart hits the dwarf.
 In what direction? 8
 You kill it!
 a - 3 +2 darts (at the ready) (17 in total).
 R - a dagger (2 in total).
 You stop.  Godzilla is in the way!
 S - a pair of hard shoes.
 T - a hooded cloak.
 What do you want to wear?
 You are now wearing a hooded cloak.
 What do you want to wear?
 You finish your dressing maneuver.
 You swap places with Godzilla.
 The door opens.
 This door is locked.
 Unlock it with your credit card? [ynq] (q) y
 You succeed in picking the lock.
 The door opens.
 U - an orange gem.
 You see here 3 gold pieces.
 $ - 3 gold pieces (118 in total).
 A tower of flame erupts from the floor under Godzilla!
 You see here a sky blue potion.
 V - a sky blue potion.
 Godzilla misses the lichen.
 You swap places with Godzilla.
 You miss the lichen.
 You hit the lichen.
 You miss the lichen.
 Godzilla misses the lichen.
 Godzilla misses the lichen.
 You hear the footsteps of a guard on patrol.
 You miss the lichen.
 Godzilla misses the lichen.
 Godzilla misses the lichen.
 You kill the lichen!
 There is a doorway here.
 You see here a lichen corpse.
 The little dog bites!
 The little dog bites!
 The little dog bites!
 You miss the little dog.
 The little dog bites!
 You die...
 Do you want your possessions identified? [ynq] (y) y
 Do you want to see your attributes? [ynq] (y) y
 Do you want an account of creatures vanquished? [ynaq] (y) y
 Do you want to see your conduct and achievements? [ynq] (y) y
 Do you want to see the dungeon overview? [ynq] (y) y

Inventory:
 Coins    ('$')
  $ - 118 gold pieces
 Weapons  (')')
  a - 17 +2 darts (at the ready)
  R - 2 +0 daggers
  Q - a +0 silver spear (weapon in left hand)
 Armor    ('[')
  S - an uncursed +0 pair of iron shoes (being worn)
  v - an uncursed +0 elven shield (being worn)
  T - an uncursed +0 dwarvish cloak (being worn)
  j - an uncursed +0 Hawaiian shirt with a flamingo motif (being worn)
 Comestibles  ('%')
  b - 3 uncursed food rations
  P - an uncursed pancake
 Scrolls  ('?')
  i - a blessed scroll of magic mapping
  h - 3 uncursed scrolls of magic mapping
 Potions  ('!')
  V - an uncursed potion of booze
  g - 2 uncursed potions of extra healing
 Wands    ('/')
  M - a wand of teleportation (0:8)
 Tools    ('(')
  l - an uncursed credit card
  k - an expensive camera (0:40)
 Gems/Stones  ('*')
  N - a cursed worthless piece of blue glass
  U - a cursed worthless piece of orange glass
  O - a cursed worthless piece of violet glass

Jobair the Tourist's attributes:

Background:
 You were a Sightseer, a level 4 female human Tourist.
 You were neutral, on a mission for The Lady
 who was opposed by Blind Io (lawful) and Offler (chaotic).
 You were left-handed.
 You were in the Dungeons of Doom, on level 4.
 You entered the dungeon 1531 turns ago.
 It was nighttime.
 You had 127 experience points, 33 more were needed to attain level 5.

Basics:
 You had 0 out of 33 hit points.
 You had all 14 energy points (spell power).
 Your armor class was 6.
 Your wallet contained 118 zorkmids.
 Autopickup was off.

Final Characteristics:
 Your strength was 11 (limit:18/100).
 Your dexterity was 13 (limit:18).
 Your constitution was 16 (limit:18).
 Your intelligence was 13 (limit:18).
 Your wisdom was 8 (limit:18).
 Your charisma was 14 (limit:18).

Final Status:
 You weren't hungry.
 You were unencumbered.
 You were wielding a spear.
 You were unskilled in spear.

Final Attributes:
 You had strayed.
 Your items were somewhat protected from fire.
 Your items were somewhat protected from cold.
 You were telepathic.
 You were warded.
 You were fast.
 You are dead.

Miscellaneous:
 You didn't encounter any bones levels.
 Total elapsed playing time was 20 minutes and 3 seconds.

Major events:
 Turn
    1: Jobair the neutral female human Tourist entered the dungeon
  348: attained the rank of Sightseer (level 3)
 1531: killed by a little dog

You didn't know any spells.

Skills:
 Fighting Skills
   bare handed combat [Unskilled]
   two weapon combat  [Unskilled]
   riding             [Unskilled]
 Weapon Skills
   dagger             [Unskilled]
   knife              [Unskilled]
   axe                [Unskilled]
   pick-axe           [Unskilled]
   short sword        [Unskilled]
   broadsword         [Unskilled]
   long sword         [Unskilled]
   two-handed sword   [Unskilled]
   saber              [Unskilled]
   mace               [Unskilled]
   morning star       [Unskilled]
   flail              [Unskilled]
   hammer             [Unskilled]
   quarterstaff       [Unskilled]
   polearms           [Unskilled]
   spear              [Unskilled]
   trident            [Unskilled]
   lance              [Unskilled]
   bow                [Unskilled]
   sling              [Unskilled]
   crossbow           [Unskilled]
   dart               [Basic]
   shuriken           [Unskilled]
   boomerang          [Unskilled]
   whip               [Unskilled]
   unicorn horn       [Unskilled]
 Spellcasting Skills
   divination spells  [Unskilled]
   enchantment spells [Unskilled]
   escape spells      [Unskilled]

Voluntary challenges:
 Character rerolling was not enabled.
 You never genocided any monsters.
 You never polymorphed an object.
 You never changed form.
 You used no wishes.
Achievements:
 You attained the rank of Sightseer.
 You entered a shop.

 The Dungeons of Doom: levels 1 to 4
    Level 1:
       Some altars, some fountains.
    Level 2:
       A general store, a fountain.
    Level 3:
       A wand shop, a fountain, a sink, a grave.
    Level 4: <- You were here.
       Final resting place for
          you, killed by a little dog.


Vanquished creatures:
  2 floating eyes
  a dwarf
  2 acid blobs
  a gas spore
  2 hobbits
  2 giant rats
  a yellow mold
  a gnome
  3 garter snakes
  3 geckos
  3 jackals
  4 foxes
  a goblin
  2 sewer rats
  5 grid bugs
  a bat
  4 lichens
  3 newts
41 creatures vanquished.

No species were genocided or became extinct.

Game over:
                       ----------
                      /          \
                     /    REST    \
                    /      IN      \
                   /     PEACE      \
                  /                  \
                  |      Jobair      |
                  |      118 Au      |
                  |   killed by a    |
                  |    little dog    |
                  |                  |
                  |                  |
                  |       2026       |
                 *|     *  *  *      | *
        _________)/\\_//(\/(/\)/\//\/|_)_______

Aloha Jobair the Tourist...

You died in The Dungeons of Doom on dungeon level 4 with 776 points,
and 118 pieces of gold, after 1531 moves.
You were level 4 with a maximum of 33 hit points when you died.

